 Dungeon Crawl Stone Soup version 0.30.1-9-gdf580d7c3d (webtiles) character file.

Game seed: 3193282483326739357

633 Nonny the Cudgeller (level 7, -6/62 HPs)
             Began as a Naga Fighter on Oct 15, 2023.
             Was an Initiate of Gozag.
             Mangled by an ogre
             ... wielding a +0 giant club
              (16 damage)
             ... on level 5 of the Dungeon.
             The game lasted 00:17:02 (3107 turns).

Nonny the Cudgeller (Naga Fighter)                  Turns: 3107, Time: 00:17:03

Health: -6/62      AC:  6    Str: 21    XL:     7   Next: 49%
Magic:  7/7        EV:  7    Int:  8    God:    Gozag
Gold:   158        SH:  5    Dex: 10    Spells: 6/6 levels left

rFire   + . .        a - +0 flail
rCold   + . .        c - +1 buckler
rNeg    . . .        b - +0 scale mail
rPois   +            (no helmet)
rElec   .            o - scarf {rC+ rF+}
rCorr   .            (no gloves)
SInv    +            (no barding)
Will    .....        (no amulet)
Stlth   +            (no ring)
HPRegen 0.30/turn    (no ring)
MPRegen 0.10/turn

%: no passive effects
@: very slow
A: AC +2, large, see invisible, deformed body, poison resistance, slowness 2,
spit poison 1, naga tail 1
a: Spit Poison, Renounce Religion, Potion Petition, Call Merchant, Bribe Branch


You were on level 5 of the Dungeon.
You worshipped Gozag.
Gozag was aware of your devotion.
You visited 2 branches of the dungeon, and saw 6 of its levels.

You collected 212 gold pieces.
You paid 54 gold pieces to Gozag.

Inventory:

Hand Weapons
 a - a +0 flail (weapon)
Missiles
 e - 5 poisoned darts
 i - 2 javelins
Armour
 b - a +0 scale mail (worn)
 c - a +1 buckler (worn)
 l - a +0 chain mail
 o - a scarf of resistance (worn)
Magical Staves
 n - a staff of fire
Wands
 q - a wand of roots (4)
Scrolls
 d - a scroll of poison
 g - 2 scrolls of teleportation
 r - a scroll of amnesia {unknown}
Potions
 f - a potion of invisibility {unknown}
 h - a potion of curing {unknown}
 j - a potion of lignification {unknown}
 k - a potion of resistance {unknown}
 m - a potion of flight
 s - a potion of mutation {unknown}
 t - a potion of attraction {unknown}
 u - a potion of magic


   Skills:
 - Level 3.1 Fighting
 + Level 6.6 Maces & Flails
 - Level 3.0 Armour
 * Level 5.5 Stealth
 - Level 3.0 Shields
 + Level 0.2 Evocations


You had 6 spell levels left.
You didn't know any spells.
Your spell library contained the following spells:

 Spells                   Type           Power      Damage    Failure   Level
 Beastly Appendage        Tmut           0%         N/A       82%         1
 Blink                    Tloc           0%         N/A       91%         2
 Lesser Beckoning         Tloc           0%         N/A       91%         2
 Momentum Strike          Conj/Tloc      0%         3d8       91%         2
 Wereblood                Tmut           0%         N/A       91%         2
 Gell's Gravitas          Tloc           0%         N/A       99%         3
 Inner Flame              Hex/Fire       0%         N/A       99%         3
 Spider Form              Tmut/Pois      0%         N/A       99%         3
 Stone Arrow              Conj/Erth      0%         3d7       99%         3
 Teleport Other           Tloc           0%         N/A       99%         3
 Sticky Flame             Conj/Fire      0%         2d3       100%        4
 Dispersal                Tloc           0%         N/A       100%        6


Dungeon Overview and Level Annotations

Branches:
Dungeon (5/15)             Temple (1/1) D:4

Altars:
Dithmenos
Fedhas
Gozag
Hepliaklqana
Makhleb
Nemelex Xobeh
Okawaru
Sif Muna
Uskayaw
Vehumet
Xom
The Shining One

Shops:
D:2 (=


Innate Abilities, Weirdness & Mutations

Your serpentine skin is tough. (AC +2)
You have supernaturally acute eyesight. (SInv)
Armour fits poorly on your strangely shaped body.
Your system is resistant to poisons. (rPois)
You cover ground very slowly.
You can spit poison.
You have a snake-like lower body.


Message History

You block the hound's attack. The hound bites you.
You hit the hound but do no damage.
The hound is moderately wounded.
You block the hound's attack.
You closely miss the hound.
The hound is moderately wounded.
You block the hound's attack. The hound bites you.
You barely miss the hound.
The hound is moderately wounded.
The hound bites you but does no damage. The hound bites you.
You sock the hound!
You kill the hound!
You now have 158 gold pieces (gained 5).
You hear the slow rusting of a very distant drain.
An ogre comes into view. It is wielding a +0 giant club.
You hear the slow rusting of a distant drain.
The ogre shouts!
An iguana comes into view.
The iguana hisses angrily.
You sock the ogre!
The ogre is moderately wounded.
The ogre hits you with a +0 giant club!
You barely miss the ogre.
The ogre is moderately wounded.
The ogre completely misses you.
You sock the ogre!
The ogre is severely wounded.
You hit the ogre.
The ogre is almost dead.
The ogre hits you with a +0 giant club!
You hit the ogre.
The ogre is almost dead.
The ogre hits you with a +0 giant club!!
* * * LOW HITPOINT WARNING * * *
Unknown command.
You hit the ogre but do no damage.
The ogre is almost dead.
The ogre hits you with a +0 giant club!
You die...
Your body crumbles into a pile of gold.

#.# ****.#
*,*,, #.#
*,,,.# *,**,
#.########
*,**** *,**,
#........#
*,******,**,
########.#
*,*,,,,,,**,
#.#
*,*,********
####.####
*,*,*
#.......#
*,*,* *
#.#####@#
*,*,* *
***#,* #O#
*,*,* ****
*>,,,* #l#
*,*,*****,,,
*,**,* #.#
*,*,,,,,,,,,
*,**,****#.#
*,,,,,,,,,,,
*,**,,,,,..#
*********,*,
*,*******###
*,**
*,********
*,**
*,,,,,,,,*
**********,**


You could see an ogre and an iguana.

Vanquished Creatures
  Eustachio (D:4)
  Menkaure (D:4)
  A black bear (D:4)
  A phantom (D:4)
  2 hounds
  6 adders
  5 dart slugs
  10 endoplasms
  2 giant cockroaches
  11 goblins
  8 hobgoblins
  4 jackals (D:1)
  6 kobolds
  6 quokkas
  6 ball pythons
  8 bats
  4 frilled lizards (D:1)
  4 rats
86 creatures vanquished.

Notes
Turn   | Place    | Note
-------+----------+-------------------------------------------
     0 | D:1      | Nonny the Naga Fighter began the quest for the Orb.
     0 | D:1      | Reached XP level 1. HP: 21/21 MP: 1/1
     0 | D:1      | Starting vault: swirly trails within water.
    67 | D:2      | Reached XP level 2. HP: 26/28 MP: 2/2
   104 | D:2      | Found Nankumyn's Antique Weapon Shoppe.
   113 | D:2      | 161 gold for ichor-stained dagger
   160 | D:2      | Book of Spatial Translocations in west
   215 | D:2      | Reached skill level 1 in Stealth
   217 | D:2      | Reached XP level 3. HP: 19/34 MP: 3/3
   257 | D:2      | Found Bisid's Jewellery Shop.
   419 | D:2      | There-and-Back Book in east
   449 | D:2      | Found a faded altar of an unknown god.
   522 | D:2      | Reached XP level 4. HP: 42/42 MP: 4/4
   648 | D:3      | 4chamb
   662 | D:3      | Found a shimmering altar of Xom.
   905 | D:3      | ITUIDD FUTOU - teleportation
   980 | D:3      | Reached skill level 3 in Maces & Flails
  1427 | D:1      | staff of fire just to the east of starting vault
  1462 | D:1      | scarf of resistance north of start
  1672 | D:1      | Book of Changes south of start.
  1986 | D:4      | BUAWOKH IDIUK - enchant armor
  1987 | D:4      | KIESTI DYUFUA - fear
  1988 | D:4      | BATHED PUGIMNU - poison
  1995 | D:4      | sapphire potion - heal wounds
  1995 | D:4      | BENWAC SORAO - identify
  2008 | D:4      | BIQ RUCAAFYMAO - blinking
  2041 | D:4      | Noticed a phantom
  2053 | D:4      | Killed a phantom
  2054 | D:4      | Reached skill level 4 in Maces & Flails
  2054 | D:4      | Reached XP level 5. HP: 29/49 MP: 5/5
  2069 | D:4      | Noticed Eustachio
  2092 | D:4      | Killed Eustachio
  2093 | D:4      | Reached skill level 5 in Maces & Flails
  2093 | D:4      | Reached XP level 6. HP: 27/56 MP: 6/6
  2101 | D:4      | ruby potion - flight
  2139 | D:4      | Found a shadowy altar of Dithmenos.
  2139 | D:4      | Noticed a black bear
  2149 | D:4      | Killed a black bear
  2353 | D:4      | emerald potion - magic
  2377 | D:4      | Noticed Menkaure
  2383 | D:4      | Killed Menkaure
  2384 | D:4      | Reached skill level 6 in Maces & Flails
  2384 | D:4      | Reached skill level 5 in Stealth
  2384 | D:4      | Reached XP level 7. HP: 59/62 MP: 7/7
  2433 | D:4      | Found a sparkling altar of Nemelex Xobeh.
  2469 | D:3      | D:4 uphatch leads to northwest quadrant of 4chamb D:3. Not
                  | viable for orbrun.
  2563 | D:4      | Found a staircase to the Ecumenical Temple.
  2571 | Temple   | Entered the Ecumenical Temple
  2710 | Temple   | Temple: forest
  2726 | Temple   | Became a worshipper of Gozag Ym Sagoz the Greedy
  2860 | D:4      | Got the Tome of the Flamy Lithosphere
  2861 | D:4      | Tome of the Flamy Lithosphere: Stone Arrow, Inner Flame,
                  | Stick Flame
  3026 | D:5      | Entered Level 5 of the Dungeon
  3028 | D:5      | WIMIDEZIQO - magic mapping
  3028 | D:5      | Sewer is in southwst.
  3107 | D:5      | Mangled by an ogre

Illustrated notes ##≈≈≈≈≈.≈≈≈≈≈≈# #≈≈≈≈≈≈.≈≈≈≈≈≈≈ ≈≈≈8≈≈.≈≈≈≈≈8≈≈ ≈≈≈≈≈.≈≈≈≈≈≈≈≈≈ ≈≈≈≈≈.≈≈≈~~~≈≈≈ ≈≈≈≈≈.≈≈~≈≈≈~≈≈ ≈≈≈≈≈≈..>≈≈≈≈~~ ≈~~≈≈≈≈@..≈≈≈≈≈ ~≈≈~≈≈≈~≈≈.≈≈≈≈ ≈≈≈≈~~~≈≈≈.≈≈≈≈ ≈≈≈≈≈≈≈≈≈≈.≈≈≈≈ ≈≈≈8≈≈≈≈≈.≈≈8≈≈ #≈≈≈≈≈≈≈.≈≈≈≈≈≈ ##≈≈≈≈≈≈.≈≈≈≈≈. ##≈≈≈≈≈≈.≈≈≈#( Turn 0 on D:1: Starting vault: swirly trails within water. #### # #@.♣##.# #......# #♣..##### # #..#... [#. #.##.#####.# # #..........# .#. ####.####..# #.#. #.# #..###.#. #.# #......#. Turn 113 on D:2: 161 gold for ichor-stained dagger ## ### #. ...# #.#######...###.# #....#@.......#.# ##.#.#...#.##.#.# #.#.#...#.##.#.# #.#..........#.# #.####..#.#..#.# # #.####..#.#..#.# .# #..............##.#### #########.####........ #.........#### Turn 160 on D:2: Book of Spatial Translocations in west ..... #.........†.# ......#.#.....###.# ......#.##.#......# ..... ..##.######.# ....>.#.##.# #.# ......#.##.######†# ........).........# #.##.####.##†.##.##.# .......@......##.##.# .....####.###.##.##.# ... .....#.#...#<# . #.#.#.#.......# ..............# .#.#........## ......#...## #.##.###.## # #. #.# Turn 419 on D:2: There-and-Back Book in east ##...######## ##.....## ##.......## #.........# +.........+ #.........# ##.......## ##.....## ##.@.## ##+## Turn 648 on D:3: 4chamb #..####.######.## #....##.# #.# ##.#.##.# #.# #.#.##.# ##'## #>.....# ##...## ###.#### ##.....## ##.## ##.......# #########...####......... ........@......'......... #####........##......... #.###.##.###.......# #.# #.##.# ##.....## #.###.##.# ##...## #.##..##.# ##'## #.##.###.# #.# #.##.# #.# #.#### #.##.###.# ##..... Turn 905 on D:3: ITUIDD FUTOU - teleportation # # ## #.#. ##. ≈≈≈.≈≈≈≈≈≈.... .. ≈≈≈≈.≈≈≈≈≈≈##..#### .# ≈≈≈≈.≈≈≈≈≈≈≈##..@.##.# 8≈≈.≈≈≈≈≈8≈≈≈#.##.#..# ≈≈.≈≈≈≈≈≈≈≈≈≈# #...## ≈≈.≈≈≈~~~≈≈≈≈ #....# ≈≈.≈≈~≈≈≈~≈≈~ #....# ≈≈≈..>≈≈≈≈~~≈ #....# ≈≈≈≈<..≈≈≈≈≈≈ #..>.# ~≈≈≈~≈≈.≈≈≈≈≈ #....# ≈~~~≈≈≈.≈≈≈≈≈####....# Turn 1427 on D:1: staff of fire just to the east of starting vault #.. #.# ... #.. #.## # #.. ###.##### #.# #....@..####)# #...###.....## #.. #####..######### #. ##...#.....# # ###.#.....# #.#.....# ######.#.....# ##≈≈≈.≈≈≈≈≈≈........ ##≈≈≈≈≈.≈≈≈≈≈≈##..### Turn 1462 on D:1: scarf of resistance north of start .#≈≈≈≈≈≈..>≈≈≈≈~~≈# #....# .#≈~~≈≈≈≈<..≈≈≈≈≈≈# #..>.# ..~≈≈~≈≈≈~≈≈.≈≈≈≈≈# #....# ..≈≈≈≈~~~≈≈≈.≈≈≈≈≈####....# .#≈≈≈≈≈≈≈≈≈≈.≈≈≈≈≈#.......# .#≈≈≈8≈≈≈≈≈.≈≈8≈≈≈#.####.## .##≈≈≈≈≈≈≈.≈≈≈≈≈≈... #... ####≈≈≈≈≈≈.≈≈≈≈≈..## ##### ##≈≈≈≈≈≈.≈≈≈#@## ########.....# ####### Turn 1672 on D:1: Book of Changes south of start. ##### ....# ...# ...# #..# ##..# +.@.# #...# #...# ##..# #..# #$.# ...# ...# Turn 1986 on D:4: BUAWOKH IDIUK - enchant armor ##### ....# ...# ...# #..# ##..# +.@.# #...# #...# ##..# #..# #$.# ...# ...# Turn 1987 on D:4: KIESTI DYUFUA - fear ##### §§§§# §§§# §§§# #§§# ##§§# +§@§# #§§§# #§§§# ##§§# #§§# #§§# §§§# §§§# Turn 1988 on D:4: BATHED PUGIMNU - poison ...# #○°# ##§○# +§<○# #§☼☼# #.§°# ##°§# #☼○# #@§# #○§§# #☼○§# #...# #...# ##..# #### Turn 1995 on D:4: sapphire potion - heal wounds #+######## # #..##....# ... +........# .....#........# #..@####..# ##### ##..# +.<.# #...# #...# ##..# #..# ##..# #...# Turn 2008 on D:4: BIQ RUCAAFYMAO - blinking .... #...# ....##...####### ..........(....# .........).....# ######.........# ##... #.....##..##+### +....##.....##..##..## #........).......+.... #....@...........#.... #....##..##.#...#...## #.!.. #..############# ##... #...# #.... ##+# #...# #.... ....# #.... ..$..# #.... .....# ##... #### Turn 2101 on D:4: ruby potion - flight #...........# #######..###.### #..####..###.##### #....#...........# #....#...........# #....#...........# #....'.......##### #....#.......# #..@.#...##..# ########.##+## #......# .. #......##... #........... #........... ##...######### ##...######.<. #..........>.. Turn 2353 on D:4: emerald potion - magic #### ...# ### ...### #.. .....# ########## #######.# .....## #........# #........ ......###.######.# #.#####.# .......##.# #.# #.......# ..........# #@# #..####.. ####.###########.# #..####.# #.# #.....# #....##.# #.# #.##### ##.#.##.# ##'## #.# #.#.##.# ##...## #.# #>.....# ##.....## #.### ###.#### #.......## #.#.## ##.## .....)...###....###########...### Turn 2469 on D:3: D:4 uphatch leads to northwest quadrant of 4chamb D:3. Not viable for orbrun. ♣♣♣♣ ♣♣♣♣ ♣_.♣♣ ♣♣._♣ ♣♣..♣♣ ♣♣..♣♣ ♣♣♣ ♣♣..♣♣ ♣♣..♣♣ ♣♣♣ ♣_♣♣ ♣♣..♣♣♣♣♣..♣♣ ♣♣_♣ ♣..♣♣ ♣♣...<.@.♣♣ ♣♣..♣ ♣♣..♣♣♣♣........♣♣♣..♣♣ ♣♣..♣♣...###....♣..♣♣ ♣♣....###.###....♣♣ ♣♣...#∩...∩#...♣♣ ♣..##.....##..♣ ♣∩.#..._...'.∩♣ ♣..##.....##..♣ ♣♣...#∩...∩#...♣♣ Turn 2710 on Temple: Temple: forest ##################### #....#......#........ #....'......#........ ##...#......#........ #..@#............... #....#............... ##..######..#######.. #... #..#######.. #... #..##....... ##.. #..##....... ... #..##..≈≈≈≈. ###' #..##..≈.... . . ####..##§.§._.. Turn 2861 on D:4: Tome of the Flamy Lithosphere: Stone Arrow, Inner Flame, Stick Flame

*,* *,****** *,,, *,*
##*****,**,,,* *,** *,*
#.,,,,,,,,,*,***,** *,*
#.*****,**,,,**,,,, *,* #.*
*,***,***,,** *,* #.* *,*
*,* *,,* *,* #.*
*,**********
**.#####.#####.#,,,,,,,***
**,#......@.....#,~,_,~,*<*
*,*##.....#######,~,,,~,*,,
**,#.#####* *****,~~~~~,*,*
**,** *,,,*,,,,,,,*,* *,*
*,*****+++***,, *,*
*,**,**,,,,**,*
*,*********,**,**,,,,**,*
*,,,,,,,,,,,,,,*****,,,,,
***********,**,* ****,*


Turn 3028 on D:5: WIMIDEZIQO - magic mapping

Levels and vault maps discovered:
D:1:      nzn_arrival_water_spiral, layout_basic
D:2:      layout_loops_ring, ebering_ecumenical_altar_sacrificial, serial_shops,
          nicolae_shop_tiny_glass, nicolae_shop_pleasant_corner_grove
D:3:      layout_loops_corners, brannock_xom_greatest_gift,
          chequers_serial_rivers_micro_c
D:4:      layout_gridville, grunt_dithmenos_smoke, mainiacjoe_overflow_chevrons,
          minmay_temple_entry_gardened_gates, minmay_liquid_box, uniq_eustachio,
          uniq_menkaure
D:5:      layout_loops_ring, mainiacjoe_overflow_alcove_4, portal_sewer_entry_e,
          uniq_duvessa, uniq_pikel
Temple:   hellmonk_temple_forest_ring

Skill      XL: |  1  2  3  4  5  6 |
---------------+-------------------+-----
Shields        | 3 |  3.0
Stealth        | 1 2 3 4 5 |  5.5
Armour         | 3 |  3.0
Maces & Flails | 4 5 6 |  6.6
Fighting       | |  3.1
Evocations     | |  0.2

Action                     |  1- 3 |  4- 6 |  7- 9 || total
---------------------------+-------+-------+-------++-------
  Melee: Flail             |    73 |   122 |    58 ||   253
Ability: Spit Poison       |    13 |     5 |     2 ||    20
  Evoke: Wand              |       |     3 |       ||     3
    Use: Scroll            |       |     8 |     1 ||     9
         Potion            |       |     3 |       ||     3
   Stab: Distracted        |     1 |       |       ||     1
 Armour: Scale mail        |    33 |   104 |    25 ||   162
  Dodge: Dodged            |    34 |    73 |    20 ||   127
  Block: Buckler           |    22 |    43 |    12 ||    77
